 Dungeon Crawl Stone Soup version 0.26-a0-651-gb41185065b (webtiles) character file.

Game seed: 5056472964237581196

43201 tof the Fighter (level 13, -16/104 HPs)
             Began as a Demonspawn Gladiator on Oct 1, 2020.
             Was the Champion of Ru.
             Demolished by a dire elephant (22 damage)
             ... on level 6 of the Lair of Beasts.
             The game lasted 00:53:56 (22851 turns).

tof the Fighter (Demonspawn Gladiator)             Turns: 22851, Time: 00:53:56

Health: -16/104    AC: 22    Str: 15    XL:     13   Next: 89%
Magic:  0/26       EV:  7    Int: 21    God:    Ru [******]
Gold:   881        SH:  0    Dex: 17    Spells: 26/30 levels left

rFire    . . .     SeeInvis .   a - +0 quarterstaff
rCold    + + +     Faith    .   (shield currently unavailable)
rNeg     + . .     Spirit   +   O - +10 chain mail of Palan {*Corrode Regen+ Int+7}
rPois    .         Reflect  .   c - +0 helmet
rElec    .         Harm     .   g - scarf {repulsion}
rCorr    .         Rampage  .   j - +0 pair of gloves
MR       .....                  (no boots)
Stlth    ..........             J - amulet of Optimism {Spirit +Fly rC+++ Str-2 Int+4}
HPRegen  0.67/turn              r - ring of attention (curse)
MPRegen  0.40/turn              S - ring of positive energy

@: exhausted, corroded, lightly drained, repel missiles
A: hooves 1, molten scales 2, spiny 1, magic shield, magic regeneration, no
stealth, inability to train dodging, unskilled 1, inexperienced 1
a: Draw Out Power, Power Leap, Apocalypse, Renounce Religion, Evoke Flight


You were on level 6 of the Lair of Beasts.
You worshipped Ru.
Ru was exalted by your worship.
You visited 2 branches of the dungeon, and saw 16 of its levels.

You collected 881 gold pieces.

Inventory:

Hand Weapons
 a - a +0 quarterstaff (weapon)
Missiles
 d - 3 throwing nets
 s - 28 poisoned darts (quivered)
 B - 7 boomerangs of dispersal
Armour
 c - a +0 helmet (worn)
 g - a scarf of repulsion (worn)
 j - a +0 pair of gloves (worn)
 n - a +2 cloak
 D - +0 steam dragon scales
 O - the +10 chain mail of Palan (worn) {*Corrode Regen+ Int+7}
   (You found it on level 4 of the Lair of Beasts)

   It affects your intelligence (+7).
   It increases your rate of regeneration.
   It may corrode you when you take damage.
Jewellery
 r - a cursed ring of attention (left hand)
 J - the amulet of Optimism (around neck) {Spirit +Fly rC+++ Str-2 Int+4}
   (You found it on level 9 of the Dungeon)

   [amulet of guardian spirit]

   It causes incoming damage to be split between your health and magic.
   It affects your strength (-2).
   It affects your intelligence (+4).
   It renders you almost immune to cold.
   It lets you fly.
 N - the ring "Dehaxt" {rCorr Dex+3}
   (You found it on level 4 of the Lair of Beasts)

   [ring of resist corrosion]

   It affects your dexterity (+3).
   It provides partial protection from all sources of acid and corrosion.
 Q - the ring of the Mage {Wiz MR++ Int+3}
   (You found it on level 4 of the Lair of Beasts)

   [ring of wizardry]

   It improves your spell success rate.
   It affects your intelligence (+3).
   It affects your resistance to hostile enchantments.
 S - a ring of positive energy (right hand)
Wands
 b - a wand of disintegration (15)
 p - a wand of iceblast (6)
 G - a wand of flame (8)
 K - a wand of enslavement (14)
Scrolls
 e - 6 scrolls of teleportation
 m - 10 scrolls of remove curse
 q - 4 scrolls of enchant armour
 w - a scroll of immolation
 x - 6 scrolls of amnesia {unknown}
 y - 2 scrolls of enchant weapon {unknown}
 z - 7 scrolls of fog {unknown}
 C - a scroll of acquirement {unknown}
 E - 2 scrolls of fear {unknown}
 H - a scroll of vulnerability {unknown}
 L - 3 scrolls of holy word {unknown}
 M - 2 scrolls of identify
Potions
 f - 2 potions of flight {unknown}
 h - 8 potions of stabbing
 i - 2 potions of invisibility
 k - 3 potions of might
 l - 4 potions of mutation
 o - 2 potions of ambrosia
 t - 3 potions of haste {unknown}
 u - a potion of brilliance
 v - 3 potions of magic {unknown}
 A - 4 potions of degeneration
 F - 3 potions of berserk rage {unknown}
 I - 3 potions of heal wounds {unknown}
 P - a potion of lignification {unknown}
 R - a potion of curing


   Skills:
 + Level 10.3(9.9) Fighting
 + Level 9.7(9.3) Staves
 - Level 7.6(7.2) Throwing
 * Level 8.2(7.8) Armour
   Level 0.0 Dodging
 + Level 9.0(8.6) Spellcasting


You had 26 spell levels left.
You knew the following spells:

 Your Spells              Type           Power        Failure   Level
a - Freeze                Ice            #...         73%         1
b - Ozocubu's Armour      Ice            #.......     97%         3

Your spell library contained the following spells:

 Spells                   Type           Power        Failure   Level
 Animate Skeleton         Necr           #.....       73%         1
 Apportation              Tloc           #.....       73%         1
 Corona                   Hex            #......      73%         1
 Magic Dart               Conj           #...         73%         1
 Shock                    Conj/Air       #...         73%         1
 Sting                    Tmut/Pois      #...         73%         1
 Summon Small Mammal      Summ           #...         73%         1
 Swiftness                Air            #.......     86%         2
 Frozen Ramparts          Ice            #.....       97%         3
 Static Discharge         Conj/Air       #.......     97%         3
 Stone Arrow              Conj/Erth      #.....       97%         3
 Airstrike                Air            #.........   100%        4
 Hailstorm                Conj/Ice       #.......     100%        4
 Summon Ice Beast         Ice/Summ       #.......     100%        4
 Borgnjor's Vile Clutch   Necr/Erth      #.........   100%        5
 Irradiate                Conj/Tmut      #.........   100%        5
 Lightning Bolt           Conj/Air       #.........   100%        5
 Hydra Form               Tmut           #.........   100%        6


Dungeon Overview and Level Annotations

Branches:
Dungeon (10/15)            Temple (0/1) D:7            Lair (6/6) D:10
 Shoals (0/4) Lair:2       Spider (0/4) Lair:4        Slime (0/5) Lair:5
    Orc (0/2) D:9

Altars:
Dithmenos
Fedhas
Hepliaklqana
Kikubaaqudgha
Okawaru
Qazlal
Ru
Sif Muna
Vehumet
Wu Jian
Xom
The Shining One

Annotations:
D:7 2 transporters, Flugslaktarn's ghost, novice DDFi
D:10 Nergalle
Lair:4 3 runed translucent doors, Cobof's ghost, journeyman OpVM
Lair:5 3 runed translucent doors, Kugearats's ghost, journeyman DrGl


Innate Abilities, Weirdness & Mutations

You have large cloven feet.
You are mostly covered in molten scales. (AC +3)
You are partially covered in sharp spines.
When hurt, damage is shared between your health and your magic reserves.
You regenerate magic rapidly.
You cannot be stealthy.
You cannot train Dodging skill.
You are somewhat unskilled. (-1 Apt)
You are somewhat inexperienced. (-2 XL)


Message History

You hit the dire elephant but do no damage.
You kick the dire elephant, but do no damage.
The dire elephant is severely wounded.
The dire elephant stops glowing.
The dire elephant is struck by your spines.
The dire elephant tramples you but does no damage.
The dire elephant trunk-slaps you but does no damage.
You hit the dire elephant but do no damage.
The dire elephant is severely wounded.
The dire elephant is struck by your spines.
The dire elephant tramples you!!
* * * LOW HITPOINT WARNING * * *
You hold your ground!
The dire elephant trunk-slaps you but does no damage.
You hit the dire elephant but do no damage.
You kick the dire elephant, but do no damage.
The dire elephant is severely wounded.
The dire elephant is struck by your spines.
The dire elephant tramples you!!
You die...

♣♣. ♣. ♣♣ +♣♣♣♣♣ ♣ ♣♣♣P♣♣.♣♣ ♣
♣♣♣.......♣♣ ♣♣ ♣♣♣....♣♣♣...♣♣♣.
♣♣...♣♣♣♣ ♣♣♣♣..♣÷ ♣♣@..♣♣ ♣♣♣..
♣.Y♣♣♣ ♣♣. ♣.....♣ ♣♣ ♣♣....♣ ♣
♣♣♣♣ ♣♣.♣♣♣ ♣ #..♣♣♣ ♣♣♣♣♣♣♣
♣♣♣♣♣♣ ♣
#....♣♣♣♣♣...♣♣♣♣♣♣♣♣....♣ ♣♣♣♣♣♣
.......♣♣.......♣...♣....♣♣♣.♣...
..P.#............................


You could see a dire elephant.

Vanquished Creatures
  Gastronok (Lair:3)
  Nessos (Lair:4)
  2 hydras
  3 two-headed ogres
  6 death yaks
  8 elephants
  2 black mambas
  A torpor snail (Lair:6)
  8 cane toads
  4 rime drakes
  6 komodo dragons
  2 trolls (D:9)
  5 jumping spiders (Lair:4)
  Prince Ribbit (D:4)
  4 slime creatures
  25 blink frogs
  7 hippogriffs
  Sigmund (D:3)
  3 redbacks (Lair:4)
  39 yaks
  A wyvern (Lair:6)
  Grum (D:7)
  Eustachio (D:4)
  2 steam dragons
  A basilisk (Lair:1)
  16 water moccasins
  10 porcupines
  3 sky beasts
  4 orc warriors
  4 black bears
  5 ice beasts
  3 phantoms
  2 ogres (D:5)
  A necrophage (D:7)
  12 wolves
  3 centaurs
  9 crocodiles
  4 big kobolds
  Blork the orc (D:4)
  13 bullfrogs
  3 scorpions
  5 wights (D:7)
  11 killer bees
  2 howler monkeys (D:9)
  An electric eel (Lair:3)
  A bullfrog skeleton (D:9)
  3 hounds
  A bullfrog zombie (D:6)
  6 jellies
  An orc priest (D:8)
  9 orc wizards
  8 worker ants
  3 hound skeletons
  12 adders
  A shadow imp (D:6)
  2 white imps
  14 oozes
  5 worms
  2 dart slugs (D:3)
  8 leopard geckos
  35 orcs
  6 giant cockroaches
  8 goblins
  8 hobgoblins
  12 jackals
  4 quokkas
  6 ball pythons
  A ball python skeleton (D:4)
  6 bats
  3 frilled lizards
  28 kobolds
  A leopard gecko zombie (D:8)
  9 rats
450 creatures vanquished.

Vanquished Creatures (others)
  A hydra (Lair:3)
  A death yak (Lair:5)
  An elephant (Lair:5)
  2 komodo dragons (Lair:4)
  2 blink frogs
  A hippogriff (Lair:6)
  2 yaks
  A wolf (D:8)
  A crocodile (Lair:5)
  A wight (D:8)
  3 bushes
  96 fungi
  101 plants
213 creatures vanquished.

Grand Total: 663 creatures vanquished

Notes
Turn   | Place    | Note
-------+----------+-------------------------------------------
     0 | D:1      | tof the Demonspawn Gladiator began the quest for the Orb.
     0 | D:1      | Reached XP level 1. HP: 16/16 MP: 1/1
   285 | D:1      | Gained mutation: You are partially covered in sharp spines.
                  | [demonic ancestry]
   285 | D:1      | Reached XP level 2. HP: 22/22 MP: 2/2
  1148 | D:2      | Gained mutation: When hurt, damage is shared between your
                  | health and your magic reserves. [demonic ancestry]
  1148 | D:2      | Reached XP level 3. HP: 22/28 MP: 3/3
  1269 | D:2      | Reached skill level 1 in Armour
  1409 | D:2      | Found a blossoming altar of Fedhas.
  1711 | D:2      | Reached XP level 4. HP: 30/34 MP: 2/4
  2557 | D:3      | Reached XP level 5. HP: 38/40 MP: 5/5
  2617 | D:3      | Noticed Sigmund
  2643 | D:3      | Killed Sigmund
  2643 | D:3      | Reached skill level 3 in Fighting
  2643 | D:3      | Reached XP level 6. HP: 43/47 MP: 6/6
  3569 | D:4      | Noticed an orc warrior
  3597 | D:4      | Killed an orc warrior
  3750 | D:4      | Reached skill level 1 in Spellcasting
  3750 | D:4      | Gained mutation: You are partially covered in molten
                  | scales. (AC +2) [demonic ancestry]
  3750 | D:4      | Reached XP level 7. HP: 53/53 MP: 8/8
  3881 | D:4      | Noticed Blork the orc
  3893 | D:4      | Killed Blork the orc
  4056 | D:4      | Found a sacrificial altar of Ru.
  4069 | D:4      | Became a worshipper of Ru the Awakened
  4447 | D:4      | Reached skill level 4 in Fighting
  4660 | D:4      | Noticed Eustachio
  4676 | D:4      | Killed Eustachio
  4762 | D:5      | Entered Level 5 of the Dungeon
  4774 | D:5      | Found a glowing golden altar of the Shining One.
  4795 | D:5      | Noticed Prince Ribbit
  4821 | D:4      | Killed Prince Ribbit
  4821 | D:4      | Gained mutation: You are mostly covered in molten scales.
                  | (AC +3) [demonic ancestry]
  4821 | D:4      | Reached XP level 8. HP: 59/61 MP: 11/11
  5329 | D:5      | Found a shadowy altar of Dithmenos.
  5429 | D:5      | Gained mutation: You are somewhat inexperienced. (-2 XL)
                  | [Ru sacrifice]
  5429 | D:5      | Reached XP level 7. HP: 55/55 MP: 11/11
  5429 | D:5      | Reached XP level 6. HP: 50/50 MP: 10/10
  5429 | D:5      | Reached * piety under Ru
  5429 | D:5      | Reached ** piety under Ru
  5429 | D:5      | Reached *** piety under Ru
  5565 | D:6      | Found a shimmering altar of Xom.
  5571 | D:6      | Found an iron altar of Okawaru.
  5629 | D:6      | Reached skill level 5 in Fighting
  5629 | D:6      | Reached skill level 5 in Staves
  5629 | D:6      | Reached skill level 5 in Dodging
  5719 | D:6      | Reached XP level 7. HP: 56/56 MP: 9/11
  6079 | D:6      | Noticed a slime creature
  6136 | D:5      | Killed a slime creature
  6478 | D:7      | Noticed a steam dragon
  6541 | D:7      | Killed a steam dragon
  6541 | D:7      | Reached skill level 5 in Throwing
  6541 | D:7      | Reached XP level 8. HP: 48/63 MP: 9/13
  7000 | D:7      | Noticed a brown ugly thing
  7000 | D:7      | Noticed Flugslaktarn's ghost (novice DDFi)
  7001 | D:7      | Found a transporter.
  7048 | D:7      | Found a transporter.
  7097 | D:7      | Reached skill level 6 in Fighting
  7337 | D:7      | Found a staircase to the Ecumenical Temple.
  7418 | D:7      | Reached XP level 9. HP: 68/69 MP: 15/15
  7432 | D:7      | Found an ornate altar of the Wu Jian Council.
  7685 | D:8      | Noticed Grum
  7693 | D:7      | Killed Grum
  8385 | D:8      | Noticed a two-headed ogre
  8410 | D:8      | Killed a two-headed ogre
  8706 | D:8      | Noticed a two-headed ogre
  8844 | D:8      | Reached skill level 5 in Spellcasting
  9131 | D:8      | Killed a two-headed ogre
  9131 | D:8      | Reached XP level 10. HP: 62/77 MP: 12/17
  9238 | D:8      | Reached skill level 7 in Fighting
  9296 | D:8      | Found a stormy altar of Qazlal.
  9567 | D:9      | Noticed a two-headed ogre
  9595 | D:9      | Killed a two-headed ogre
  9979 | D:8      | Gained mutation: You are somewhat unskilled. (-1 Apt) [Ru
                  | sacrifice]
  9979 | D:8      | Reduced skill Fighting to level 6
  9979 | D:8      | Reached **** piety under Ru
  9979 | D:8      | Reached ***** piety under Ru
 10145 | D:9      | Found a staircase to the Orcish Mines.
 10607 | D:9      | Got a transparent graven amulet
 10613 | D:9      | Identified the amulet of Optimism {Spirit +Fly rC+++ Str-2
                  | Int+4} (You found it on level 9 of the Dungeon)
 10694 | D:9      | Found a hazy altar of Hepliaklqana.
 10933 | D:9      | Found a shimmering blue altar of Sif Muna.
 10933 | D:9      | Found an ancient bone altar of Kikubaaqudgha.
 10935 | D:9      | Found a radiant altar of Vehumet.
 10939 | D:9      | Identified Vehumet's Grimoire of Confrontation
 10943 | D:9      | Learned a level 1 spell: Freeze
 10981 | D:9      | Learned a level 3 spell: Ozocubu's Armour
 11059 | D:10     | Entered Level 10 of the Dungeon
 11115 | D:10     | Reached skill level 7 in Fighting
 11188 | D:10     | Found a staircase to the Lair.
 11208 | D:10     | Reached XP level 11. HP: 44/84 MP: 9/19
 11342 | D:10     | Noticed Nergalle
 11772 | Lair:1   | Entered Level 1 of the Lair of Beasts
 13495 | Lair:2   | Found a gate leading to a gauntlet.
 13500 | Lair:2   | Reached skill level 8 in Fighting
 13767 | Lair:1   | Gained mutation: You cannot be stealthy. [Ru sacrifice]
 14566 | Lair:2   | Identified the Grimoire of the Shifting Mountains
 14931 | Lair:2   | Gained mutation: You have large cloven feet. [demonic
                  | ancestry]
 14931 | Lair:2   | Reached XP level 12. HP: 72/93 MP: 18/22
 15141 | Lair:2   | Found a staircase to the Shoals.
 15666 | Lair:3   | Noticed Gastronok
 16026 | Lair:3   | Killed Gastronok
 16598 | Lair:3   | Gained mutation: You cannot train Dodging skill. [Ru
                  | sacrifice]
 16598 | Lair:3   | Reached ****** piety under Ru
 17088 | Lair:4   | Found a hole to the Spider Nest.
 17088 | Lair:4   | Noticed a six-headed hydra
 17097 | Lair:3   | Killed a six-headed hydra
 17308 | Lair:4   | Reached skill level 5 in Armour
 17325 | Lair:4   | Reached skill level 9 in Fighting
 17731 | Lair:4   | Got an ancient chain mail
 17742 | Lair:4   | Identified the +10 chain mail of Palan {*Corrode Regen+
                  | Int+7} (You found it on level 4 of the Lair of Beasts)
 17769 | Lair:4   | Noticed Nessos
 17777 | Lair:4   | Noticed a minotaur
 17777 | Lair:4   | Noticed Cobof's ghost (journeyman OpVM)
 17796 | Lair:4   | Killed Nessos
 18118 | Lair:4   | Found a runed translucent gate.
 18118 | Lair:4   | Found a runed translucent gate.
 18119 | Lair:4   | Found a runed translucent gate.
 18207 | Lair:4   | Got a fine golden ring
 18208 | Lair:4   | Identified the ring "Dehaxt" {rCorr Dex+3} (You found it on
                  | level 4 of the Lair of Beasts)
 18580 | Lair:4   | Found the ring of the Mage {Wiz MR++ Int+3}
 18867 | Lair:4   | Noticed an eight-headed hydra
 18882 | Lair:4   | Killed an eight-headed hydra
 18882 | Lair:4   | Gained mutation: You regenerate magic rapidly. [demonic
                  | ancestry]
 18882 | Lair:4   | Reached XP level 13. HP: 15/101 MP: 4/25
 19621 | Lair:5   | Found a staircase to the Slime Pits.
 20156 | Lair:5   | Found a runed translucent gate.
 20156 | Lair:5   | Found a runed translucent gate.
 20159 | Lair:5   | Found a runed translucent gate.
 20161 | Lair:5   | Noticed Kugearats's ghost (journeyman DrGl)
 20288 | Lair:6   | Entered Level 6 of the Lair of Beasts
 21177 | Lair:5   | Reached skill level 10 in Fighting
 22828 | Lair:6   | Noticed a dire elephant
 22851 | Lair:6   | Demolished by a dire elephant

Illustrated notes

Levels and vault maps discovered:
D:1:      giann_bridges, layout_basic
D:2:      layout_basic, fedhas_altar_2
D:3:      layout_loops_cross, nicolae_overflow_hidden_temple, uniq_sigmund
D:4:      layout_basic, nicolae_ru_awakened_eye, uniq_eustachio,
          uniq_blork_the_orc
D:5:      lemuel_upstairs_altar, layout_cave_pools, tso_metal_star,
          nicolae_dithmenos_through_a_glass_darkly, uniq_prince_ribbit1
D:6:      lemuel_slime, layout_cave_pools, lemuel_crystal_altar, basic_altar,
          minmay_unpleasant_kobolds
D:7:      layout_loops_ring, kennysheep_mini_moat, temple_hall,
          gammafunk_ghost_arena, chequers_serial_rivers_room_a,
          hangedman_abyss_or_decor_stagger
D:8:      layout_loops_ring, marbit_many_paths, uniq_grum
D:9:      layout_basic, grunt_temple_overflow_magic_moments,
          lemuel_crystal_altar, orc_0_dummy, grunt_decor_mini_mirrors
D:10:     layout_roguey, due_lair_maze_entry_diamond, enter_bailey_3,
          lemuel_old_faithful, uniq_nergalle
Lair:1:   layout_loops_ring, enter_volcano_1
Lair:2:   layout_regular_city, elwin_shoals_entry_rocks, gauntlet_entry_generic,
          grunt_megastairs_4
Lair:3:   layout_gridlike, lemuel_fruit_tree, uniq_gastronok
Lair:4:   layout_gridlike, nicolae_spider_entry_tight_spaces,
          maelrawn_ghost_gauntlet_escape, uniq_nessos
Lair:5:   layout_hall_layers, minmay_slime_entry_pillars,
          gammafunk_ghost_necromancy, grunt_megastairs_1,
          infiniplex_staircase_pool
Lair:6:   evil_forest, layout_regular_city

Skill      XL: |  1  2  3  4  5  6  7  8  9 10 11 12 13 |
---------------+----------------------------------------+-----
Throwing       | 2 3 5 6 7 |  7.6
Dodging        | 3 5 4 6 6 7 0 |  0.0
Staves         | 3 5 6 6 7 8 9 |  9.7
Armour         | 1 2 4 3 5 8 |  8.2
Fighting       | 3 5 4 6 7 8 9 10 | 10.3
Spellcasting   | 3 2 4 5 6 8 9 |  9.0

Action                   |  1- 3 |  4- 6 |  7- 9 | 10-12 | 13-15 || total
-------------------------+-------+-------+-------+-------+-------++-------
Melee: Quarterstaff      |    99 |   143 |   311 |   719 |   462 ||  1734
       Kick              |       |       |       |   104 |   236 ||   340
Throw: Dart              |       |    15 |    81 |   210 |   111 ||   417
       Boomerang         |       |       |     1 |       |       ||     1
 Cast: Ozocubu's Armour  |       |       |       |     3 |       ||     3
       Freeze            |       |       |       |     1 |       ||     1
Invok: Sacrifice Experie |       |     1 |       |       |       ||     1
       Sacrifice Skill   |       |       |       |     1 |       ||     1
       Draw Out Power    |       |       |       |     3 |     1 ||     4
       Power Leap        |       |       |       |     1 |       ||     1
       Apocalypse        |       |       |       |     1 |       ||     1
       Sacrifice Stealth |       |       |       |     1 |       ||     1
       Sacrifice Nimblen |       |       |       |     1 |       ||     1
  Use: Scroll            |       |       |       |    17 |       ||    17
       Potion            |       |       |       |     3 |       ||     3
 Stab: Sleeping          |       |       |     1 |       |       ||     1
       Distracted        |       |       |     2 |     7 |     1 ||    10
       Invisible         |       |       |     1 |     7 |     7 ||    15
       Paralysed         |       |       |       |     6 |     1 ||     7
Armor: Leather armour    |    23 |    50 |    37 |       |       ||   110
       Steam dragon scal |       |       |    49 |   201 |       ||   250
       Chain mail        |       |       |       |   102 |   411 ||   513
Dodge: Dodged            |    53 |    99 |   205 |   472 |   144 ||   973

Table legend: (Time is in decaauts)
 A = Elapsed time spent in this place.
 B = Non-inter-level travel time spent in this place.
 C = Inter-level travel time spent in this place.
 D = Time resting spent in this place.
 E = Time spent auto-exploring this place.
 F = Levels seen in this place.
 G = Mean time per level.
                   A        B        C        D        E       F      G
               +--------+--------+--------+--------+--------+-----+--------+
         Total |  22703 |  21785 |    918 |   7709 |   9878 |  16 | 1418.9 |
       Dungeon |  11944 |  11475 |    469 |   3165 |   6024 |  10 | 1194.4 |
          Lair |  10759 |  10310 |    449 |   4543 |   3854 |   6 | 1793.2 |
               +--------+--------+--------+--------+--------+-----+--------+

Top non-repeatable levels by time:
  Lair:1: 2154 daAuts
  Lair:4: 2134 daAuts
  Lair:6: 1750 daAuts
     D:8: 1725 daAuts
  Lair:3: 1602 daAuts
  Lair:5: 1589 daAuts
     D:7: 1575 daAuts
  Lair:2: 1527 daAuts
     D:4: 1459 daAuts
     D:9: 1343 daAuts
     D:1: 1143 daAuts
     D:2: 1113 daAuts
     D:3: 1089 daAuts
     D:5: 1003 daAuts
    D:10: 767 daAuts
